 Dungeon Crawl Stone Soup version 0.28-a0-1234-g826d19b2e0 (webtiles) character file.

Game seed: 17667583166641969368

16 ChaosChampion the Ruffian (level 2, -11/23 HPs)
             Began as a Draconian Transmuter on Dec 24, 2021.
             Killed by divine providence
             ... invoked by an orc priest
              (16 damage)
             ... on level 2 of the Dungeon.
             The game lasted 00:00:37 (897 turns).

ChaosChampion the Ruffian (Draconian Transmuter)     Turns: 897, Time: 00:00:38

Health: -11/23     AC:  4    Str: 12    XL:     2   Next: 41%
Magic:  2/5        EV: 12    Int: 13    God:
Gold:   1          SH:  5    Dex: 11    Spells: 2/5 levels left

rFire   . . .      SeeInvis .     - Unarmed
rCold   . . .      Faith    .   (no shield)
rNeg    . . .      Spirit   .   (armour unavailable)
rPois   .          Reflect  +   (helmet currently unavailable)
rElec   .          Harm     .   (no cloak)
rCorr   .          Rampage  .   (no gloves)
Will    .....                   (boots currently unavailable)
Stlth   +.........              d - amulet of reflection
HPRegen 0.07/turn               (no ring)
MPRegen 0.09/turn               (no ring)

@: appendages (expiring), wereblooded
A: horns 2, talons 2, AC +4, unfitting armour, cold-blooded
a: End Transformation


You were on level 2 of the Dungeon.
You had temporarily grown beastly horns and talons.
You visited 1 branch of the dungeon, and saw 2 of its levels.

You collected 1 gold pieces.

Inventory:

Jewellery
 d - an amulet of reflection (around neck)
Scrolls
 a - 2 scrolls of blinking {unknown}
 c - a scroll of fog {unknown}
Potions
 b - a potion of magic {unknown}


   Skills:
 + Level 1.6 Fighting
 - Level 1.7 Dodging
 * Level 3.4 Unarmed Combat
 - Level 2.0 Spellcasting
 + Level 2.2 Transmutations


You had 2 spell levels left.
You knew the following spells:

 Your Spells              Type           Power      Damage    Failure   Level
a - Beastly Appendage     Tmut           14%        N/A       10%         1
b - Wereblood             Tmut           7%         N/A       16%         2

Your spell library contained the following spells:

 Spells                   Type           Power      Damage    Failure   Level
 Spider Form              Tmut/Pois      4%         N/A       43%         3
 Ice Form                 Ice/Tmut       4%         N/A       85%         4


Dungeon Overview and Level Annotations

Branches:
Dungeon (2/15)

Altars:


Innate Abilities, Weirdness & Mutations

You have temporarily grown beastly horns and talons.
Your plain brown scales are hard. (AC +4)
You cannot fit into any form of body armour.
You are cold-blooded and may be slowed by cold attacks.


Message History

You tail-slap the orc.
The orc is moderately wounded.
Your transformation is almost over.
You hit the orc. You headbutt the orc.
You kill the orc!
The orc hits you with a +0 short sword.
An orc priest comes into view. It is wielding a +0 short sword.
You hit the orc.
The orc is severely wounded.
The orc closely misses you. The orc barely misses you.
You barely miss the orc. Your kick misses the orc.
The orc is severely wounded.
The orc closely misses you. You block the orc's attack.
The orc priest mumbles some strange prayers to Beogh against you.
Beogh smites you!
Ouch! That really hurt!
* * * LOW HITPOINT WARNING * * *
You are too injured to fight recklessly!
You are too injured to fight recklessly!
You are too injured to fight recklessly!
You are too injured to fight recklessly!
You are too injured to fight recklessly!
You are too injured to fight recklessly!
You are too injured to fight recklessly!
You are too injured to fight recklessly!
You are too injured to fight recklessly!
You are too injured to fight recklessly!
You are too injured to fight recklessly!
You are too injured to fight recklessly!
You are too injured to fight recklessly!
You are too injured to fight recklessly!
You are too injured to fight recklessly!
You are too injured to fight recklessly!
You are too injured to fight recklessly!
You howl as the wereblood boils in your veins!
You block the orc's attack.
The orc priest mumbles some strange prayers to Beogh against you.
Beogh smites you!
Ouch! That really hurt!
You die...

.### .... ...#
## ...# ..
...$#
####.####....##
........o......
#@o...# #)#...#
#.. o.... #..#
.##. #..# #
#..# #... ##.#


You could see an orc priest and 2 orcs.

Vanquished Creatures
  2 orcs (D:2)
  A ball python (D:1)
  2 endoplasms (D:1)
  2 hobgoblins (D:1)
  A kobold (D:1)
  A quokka (D:1)
  2 bats (D:1)
  2 frilled lizards (D:1)
13 creatures vanquished.

Notes
Turn   | Place    | Note
-------+----------+-------------------------------------------
     0 | D:1      | ChaosChampion the Draconian Transmuter began the quest for
                  | the Orb.
     0 | D:1      | Reached XP level 1. HP: 16/16 MP: 3/3
    86 | D:1      | Found a faded altar of an unknown god.
   427 | D:1      | Reached XP level 2. HP: 23/23 MP: 5/5
   467 | D:1      | Learned a level 2 spell: Wereblood
   897 | D:2      | Killed from afar by an orc priest

Illustrated notes

Levels and vault maps discovered:
D:1:      lemuel_arrival_cross, layout_loops_ring,
          shapermc_ecumenical_altar_pompeii, hangedman_abyss_or_decor_stabs,
          minmay_tetromino_t2
D:2:      layout_basic, nrook_mini_vaults, minmay_split_cup_small

Action                   || total
-------------------------++-------
Melee: Unarmed           ||    36
       Kick              ||     4
       Tailslap          ||     3
       Headbutt          ||     2
 Cast: Beastly Appendage ||     4
       Wereblood         ||     1
 Stab: Sleeping          ||     3
Armor: Skin              ||     4
Dodge: Dodged            ||    15
Block: Other             ||     2

Table legend: (Time is in decaauts)
 A = Elapsed time spent in this place.
 B = Non-inter-level travel time spent in this place.
 C = Inter-level travel time spent in this place.
 D = Time resting spent in this place.
 E = Time spent auto-exploring this place.
 F = Levels seen in this place.
 G = Mean time per level.
                   A        B        C        D        E       F      G
               +--------+--------+--------+--------+--------+-----+--------+
         Total |    894 |    881 |     13 |      0 |    779 |   2 |  447.0 |
       Dungeon |    894 |    881 |     13 |      0 |    779 |   2 |  447.0 |
               +--------+--------+--------+--------+--------+-----+--------+

Top non-repeatable levels by time:
     D:1: 887 daAuts
     D:2: 7 daAuts
